 Dungeon Crawl Stone Soup version 0.31-a0-187-gba352fbbf7 (webtiles) character file.

Game seed: 862263362560482263

88 qw the Shooter (level 4, -1/25 HPs)
             Began as a Deep Elf Hunter on June 22, 2023.
             Slain by a worm (5 damage)
             ... on level 3 of the Dungeon.
             The game lasted 00:00:36 (1899 turns).

qw the Shooter (Deep Elf Hunter)                    Turns: 1899, Time: 00:00:37

Health: -1/25      AC:  7    Str: 10    XL:     4   Next: 29%
Magic:  6/6        EV: 12    Int: 14    God:
Gold:   119        SH:  0    Dex: 18    Spells: 3/3 levels left

rFire   . . .        Y - +0 shortbow (flame)
rCold   . . .        (shield currently unavailable)
rNeg    . . .        c - +0 leather armour
rPois   .            (no helmet)
rElec   .            (no cloak)
rCorr   .            (no gloves)
SInv    .            (no boots)
Will    .....        (no amulet)
Stlth   ++           i - +4 ring of protection
HPRegen 0.24/turn    (no ring)
MPRegen 0.10/turn

%: no passive effects
@: lethally poisoned (-1 -> -7)
A: no striking features
a: no special abilities


You were on level 3 of the Dungeon.
You visited 1 branch of the dungeon, and saw 3 of its levels.

You collected 119 gold pieces.


   Skills:
 - Level 1.5 Fighting
 + Level 7.7 Ranged Weapons
 - Level 2.4 Dodging
 - Level 1.2 Stealth


You had 3 spell levels left.
You didn't know any spells.
Your spell library was empty.

Inventory:

Hand Weapons
 Y - a +0 shortbow of flaming (weapon)
Armour
 c - a +0 leather armour (worn)
Jewellery
 i - a +4 ring of protection (left hand)
Scrolls
 a - a scroll of identify
 f - a scroll of fog {unknown}
Potions
 b - a potion of enlightenment
 d - a potion of lignification {unknown}
 e - a potion of brilliance {unknown}
 g - a potion of haste

Dungeon Overview and Level Annotations

Branches:
Dungeon (3/15)

Altars:


Message History

The adder barely misses you. The orc barely misses you.
The rat bites you but does no damage. The worm bites you!
You shoot an arrow. The arrow barely misses the orc.
The adder bites you but does no damage. The orc hits you but does no damage.
The rat bites you but does no damage. The adder bites you but does no damage.
The orc closely misses you. The rat bites you.
You shoot an arrow.
The arrow hits the orc but does no damage.
The adder bites you.
You are poisoned.
The adder poisons you! The worm barely misses you. The orc closely misses you.
The rat bites you but does no damage.
You shoot an arrow. The arrow barely misses the orc.
You feel sick. The adder misses you. The orc hits you but does no damage.
The adder bites you but does no damage. The worm bites you!
The rat closely misses you.
1895 ||| DRINKING potion of heal wounds.
You feel much better.
You feel sick. The adder bites you.
You are more poisoned.
The adder poisons you! The orc closely misses you. The rat bites you.
You shoot an arrow. The arrow barely misses the orc.
You feel very sick. The adder bites you.
You are lethally poisoned!
The adder poisons you! The worm bites you.
The orc hits you with a +0 short sword. The rat barely misses you.
You shoot an arrow. The arrow hits the orc!
The arrow burns the orc.
You kill the orc!
You feel very sick. The adder completely misses you.
The rat closely misses you.
You shoot an arrow. The arrow barely misses the adder.
You feel sick. The adder bites you but does no damage.
The adder closely misses you. The worm barely misses you.
The rat closely misses you.
You shoot an arrow. The arrow hits the adder.
The arrow burns the adder.
The adder is heavily wounded.
You feel sick. The adder bites you but does no damage.
The rat barely misses you. The worm bites you.
You die...

#.......PP# .....
#####_##### #.####
#.P....P..# #.#
#PP..PP..P# #.#
#P........# #.#
#...P.P...## #.#
.#..P....#.###.####
##P......#.>..#.#r#.#.#.
#.....P.#.##...@)......
#.##.P.##..####w#S#.#.#.
## #P.. #### #......
..### ##.#.#.# ..
........ #.#.#.#.#
.......).. #. .# #.


You could see a worm, an adder and a rat.

Vanquished Creatures
  A hound (D:3)
  2 worms (D:2)
  4 dart slugs
  An orc (D:3)
  3 endoplasms (D:2)
  4 goblins
  4 hobgoblins
  5 quokkas
  4 ball pythons
  2 bats (D:1)
  3 frilled lizards
  6 kobolds
  9 rats
48 creatures vanquished.

Notes
Turn   | Place    | Note
-------+----------+-------------------------------------------
     0 | D:1      | qw the Deep Elf Hunter began the quest for the Orb.
     0 | D:1      | Reached XP level 1. HP: 12/12 MP: 3/3
     0 | D:1      | 0 ||| qw: Version: 0.3-a-9-g12657ce
     0 | D:1      | 0 ||| qw: Game counter: 2351
     0 | D:1      | 0 ||| qw: Always use a shield: true
     0 | D:1      | 0 ||| qw: God list: Okawaru
     0 | D:1      | 0 ||| qw: Allow faded altars: false
     0 | D:1      | 0 ||| qw: Do Orc after D:15 true
     0 | D:1      | 0 ||| qw: Do second Lair branch before Depths: true
     0 | D:1      | 0 ||| qw: Lair rune preference: random
     0 | D:1      | 0 ||| qw: Plans: Normal
     0 | D:1      | 0 ||| PLANNING D:1-11
   296 | D:1      | Reached skill level 6 in Ranged Weapons
   296 | D:1      | Reached XP level 2. HP: 16/16 MP: 4/4
   864 | D:1      | 864 ||| READING scroll labelled BAWNAM TAW LETA.
   865 | D:1      | 865 ||| DRINKING 2 murky pink potions.
   866 | D:1      | 866 ||| DROPPING scroll of butterflies.
  1074 | D:2      | Reached XP level 3. HP: 20/20 MP: 5/5
  1558 | D:2      | Reached skill level 7 in Ranged Weapons
  1718 | D:2      | 1718 ||| UPGRADING to +4 ring of protection.
  1719 | D:2      | 1719 ||| READING 3 scrolls labelled SOCVESOEL.
  1720 | D:2      | 1720 ||| READING scroll labelled OKHLAUR HEME.
  1721 | D:2      | 1721 ||| DRINKING 2 brown potions.
  1722 | D:2      | 1722 ||| READING 2 scrolls of identify.
  1722 | D:2      | 1722 ||| IDENTIFYING fizzy golden potion
  1838 | D:3      | Found a faded altar of an unknown god.
  1890 | D:3      | Reached XP level 4. HP: 21/25 MP: 6/6
  1894 | D:3      | HP: 1/25 [worm (7)]
  1895 | D:3      | 1895 ||| DRINKING potion of heal wounds.
  1899 | D:3      | HP: 4/25 [poisoned by an adder]
  1899 | D:3      | Slain by a worm

Levels and vault maps discovered:
D:1:      dpeg_arrival_tiny_f, layout_basic
D:2:      layout_basic, minmay_pentomino_x2
D:3:      layout_rooms, bloody_makhleb, shapermc_ecumenical_altar_gd,
          st_stairs_11

Skill      XL: |  1  2  3 |
---------------+----------+-----
Ranged Weapons | 6 7 |  7.7
Fighting       | |  1.5
Dodging        | |  2.4
Stealth        | |  1.2

Action                     |  1- 3 |  4- 6 || total
---------------------------+-------+-------++-------
   Fire: Shortbow          |   108 |     9 ||   117
    Use: Scroll            |     4 |       ||     4
         Potion            |     2 |     1 ||     3
 Armour: Leather armour    |    11 |    10 ||    21
  Dodge: Dodged            |    11 |    18 ||    29

Table legend:
 A = Non-vault XP
 B = Vault XP
 C = Vault XP percentage of total XP
 D = Non-vault monster count
 E = Vault monster count
 F = Vault count percentage of total count
                 A         B        C        D         E       F
            +---------+---------+-------+---------+---------+-------
      Total |      78 |      48 |  38.1 |      44 |       4 |   8.3
            +---------+---------+-------+---------+---------+-------
        D:1 |      31 |       0 |   0.0 |      21 |       0 |   0.0
        D:2 |      35 |       5 |  12.5 |      18 |       1 |   5.3
        D:3 |      12 |      43 |  78.2 |       5 |       3 |  37.5
            +---------+---------+-------+---------+---------+-------
